 Dungeon Crawl Stone Soup version 0.26.1-2-gb8aa6d0cf2 (webtiles) character file.

Game seed: 16620660456571529108

275 axecop the Distorting Demonspawn (level 6, -9/48 HPs)
             Began as a Demonspawn Abyssal Knight on Mar 10, 2021.
             Was a Believer of Lugonu.
             Mangled by Jessica
             ... wielding a +0 dagger of electrocution
              (17 damage)
             ... on level 3 of the Dungeon.
             The game lasted 00:05:25 (3733 turns).

axecop the Distorting Demonspawn (DsAK)             Turns: 3733, Time: 00:05:26

Health: -9/48      AC:  9    Str: 13    XL:     6   Next: 3%
Magic:  18/18      EV: 12    Int: 15    God:    Lugonu [**....]
Gold:   161        SH:  0    Dex: 12    Spells: 5/5 levels left

rFire    . . .     SeeInvis .   b - +0 hunting sling
rCold    . . .     Faith    .   (no shield)
rNeg     . . .     Spirit   .   u - +0 ring mail
rPois    .         Reflect  .   s - +2 helmet
rElec    .         Harm     .   (no cloak)
rCorr    .         Rampage  .   p - +0 pair of gloves
Will     .....                  (no boots)
Stlth    +.........             (no amulet)
HPRegen  0.16/turn              m - +4 ring of slaying
MPRegen  0.16/turn              l - ring of magical power

@: no status effects
A: talons 1, repulsion field 1
a: Renounce Religion, Depart the Abyss, Bend Space


You were on level 3 of the Dungeon.
You worshipped Lugonu.
Lugonu was pleased with you.
You visited 1 branch of the dungeon, and saw 3 of its levels.
You visited the Abyss 1 time.

You collected 161 gold pieces.

Inventory:

Hand Weapons
 a - a +0 short sword
 b - a +0 hunting sling (weapon)
 c - a +1 mace
 g - a -3 hand axe
 k - a +1 double sword of holy wrath
Missiles
 h - 3 javelins
 r - 22 stones (quivered ammo)
Armour
 o - a +1 ring mail
 p - a +0 pair of gloves (worn)
 q - a +0 leather armour
 s - a +2 helmet (worn)
 u - a +0 ring mail (worn)
Jewellery
 l - a ring of magical power (right hand)
 m - a +4 ring of slaying (left hand)
Scrolls
 e - 2 scrolls of fear
 i - 2 scrolls of remove curse
 t - 2 scrolls of magic mapping
 v - a scroll of blinking {unknown}
Potions
 d - a potion of lignification {unknown}
 f - 2 potions of curing
 j - a potion of might {unknown}
 n - 2 potions of heal wounds {unknown}


   Skills:
 + Level 4.0 Fighting
 * Level 3.0 Long Blades
 - Level 2.2 Maces & Flails
 + Level 2.9 Armour
 - Level 0.8 Dodging
 + Level 4.2 Invocations


You had 5 spell levels left.
You didn't know any spells.
Your spell library was empty.

Dungeon Overview and Level Annotations

Branches:
Dungeon (3/15)

Altars:
Ru
Yredelemnul

Annotations:
D:2 Crazy Yiuf
D:3 Jessica


Innate Abilities, Weirdness & Mutations

You have sharp toenails.
You are surrounded by a mild repulsion field. (EV +2)


Message History

Jessica completely misses you.
There are monsters nearby!
You shoot a stone. The stone closely misses Jessica.
The stone hits the hobgoblin.
You kill the hobgoblin!
Lugonu accepts your kill.
Jessica points at you and mumbles some strange words.
You resist with some effort.
Jessica hits you with a +0 dagger of electrocution.
You are electrocuted!!
Unknown command.
You shoot a stone. The stone hits Jessica.
Jessica is severely wounded.
Jessica grins evilly.
Jessica hits you but does no damage.
You are electrocuted!!
* * * LOW HITPOINT WARNING * * *
Jessica hits you with a +0 dagger of electrocution.
* * * LOW HITPOINT WARNING * * *
You are electrocuted!
You die...

...#######
#(((((@@.#
((#.####.#
#.#########
#.........#
#########.##
##...##
#######
#....^#
#.....#
##.<.##
#...<.#
##.##


You could see Jessica (fast).

Vanquished Creatures
  A bullfrog (D:3)
  An orc wizard (D:2)
  Natasha (twice) (D:3)
  A worker ant (D:3)
  An adder (D:3)
  An adder skeleton (D:2)
  3 worms
  2 dart slugs (D:2)
  3 leopard geckos
  5 orcs (D:3)
  2 ball pythons
  8 bats
  2 giant cockroaches
  10 goblins
  8 hobgoblins
  4 jackals (D:2)
  5 kobolds
  2 quokkas (D:2)
  7 frilled lizards
  7 rats
75 creatures vanquished.

Notes
Turn   | Place    | Note
-------+----------+-------------------------------------------
     0 | Abyss:1  | axecop the Demonspawn Abyssal Knight began the quest for
                  | the Orb.
     0 | Abyss:1  | Reached XP level 1. HP: 18/18 MP: 2/2
    36 | Abyss:2  | Noticed a large abomination
    57 | D:1      | Escaped the Abyss
   223 | D:1      | Reached * piety under Lugonu
   370 | D:1      | Gained mutation: You have sharp toenails. [demonic
                  | ancestry]
   370 | D:1      | Reached XP level 2. HP: 22/24 MP: 4/4
  1299 | D:2      | Gained mutation: You are surrounded by a mild repulsion
                  | field. (EV +2) [demonic ancestry]
  1299 | D:2      | Reached XP level 3. HP: 22/29 MP: 5/5
  1418 | D:2      | Reached skill level 1 in Long Blades
  1422 | D:2      | Found a sacrificial altar of Ru.
  1443 | D:2      | Reached XP level 4. HP: 24/35 MP: 6/6
  1779 | D:2      | Found a basalt altar of Yredelemnul.
  1784 | D:2      | Reached ** piety under Lugonu
  1950 | D:2      | Found a runed translucent door.
  1951 | D:2      | Noticed Crazy Yiuf
  3253 | D:3      | Noticed Natasha
  3257 | D:3      | Reached XP level 5. HP: 23/42 MP: 7/7
  3268 | D:3      | Killed Natasha
  3560 | D:3      | Noticed Natasha
  3575 | D:3      | Killed Natasha
  3597 | D:3      | Reached XP level 6. HP: 46/48 MP: 9/9
  3726 | D:3      | Noticed Jessica
  3733 | D:3      | Mangled by Jessica

Illustrated notes

Levels and vault maps discovered:
D:1:      minmay_arrival_shattered_statue, layout_rooms
D:2:      layout_loops_cross, old_standard_altar,
          nicolae_ru_great_annihilating_truth, uniq_crazy_yiuf_cottage
D:3:      layout_loops_cross, uniq_natasha, uniq_jessica

Skill      XL: |  1  2  3  4  5 |
---------------+----------------+-----
Maces & Flails | 2 |  2.2
Armour         | 2 |  2.9
Invocations    | 3 4 |  4.2
Long Blades    | 1 2 3 |  3.0
Fighting       | 4 |  4.0
Dodging        | |  0.8

Action                   |  1- 3 |  4- 6 || total
-------------------------+-------+-------++-------
Melee: Mace              |    56 |       ||    56
       Kick              |    18 |    15 ||    33
       Hand axe          |     2 |       ||     2
       Short sword       |    15 |    66 ||    81
 Fire: Hunting sling     |       |    76 ||    76
Throw: Javelin           |     3 |       ||     3
Invok: Depart the Abyss  |     1 |       ||     1
       Bend Space        |       |     4 ||     4
  Use: Scroll            |     2 |     4 ||     6
       Potion            |     1 |     1 ||     2
 Stab: Paralysed         |       |     2 ||     2
Armor: Leather armour    |    17 |    14 ||    31
       Ring mail         |       |    25 ||    25
Dodge: Dodged            |    51 |    71 ||   122
